Map: Alcyone LE

Players

Ukko

  • Race: Zerg Zerg
  • Spawn Location: 7:00

herO - Winner!

  • Race: Protoss Protoss
  • Spawn Location: 1:00

Event: ESL SC2 Masters 2023 Winter (Finals)

VOD

Have the link to the VOD?

Description

Time

  • Played on: Dec. 15, 2023, 11:34 a.m.
  • Length: 10:17

All games in this series

Show
View Real Time Build Order
Export as new Build Order

Ukko Zerg 

Build Orders: Hatch First 

Get SALT Encoding   

  12  0:00  Drone  
  13  0:13  Overlord  
  13  0:17  Drone  
  14  0:31  Drone  
  15  0:45  Hatchery  
  15  0:48  Drone  
  15  0:51  Drone  
  15  0:55  Drone  
  17  1:10  Spawning Pool  
  16  1:15  Extractor  
  16  1:16  Drone  
  16  1:20  Drone  
  16  1:23  Drone  
  18  1:32  Drone  
  19  1:42  Drone  
  20  1:57  Queen x2  
  20  1:58  Zergling x2  
  25  2:02  Overlord  
  25  2:08  Drone  
  26  2:12  Drone  
  27  2:16  Drone  
  27  2:19  Metabolic Boost  
  27  2:22  Drone  
  29  2:25  Drone  
  30  2:42  Hatchery  
  29  2:47  Queen  
  31  2:55  Overlord  
  31  2:57  Zergling x4  
  33  2:58  Drone  
  33  2:59  Drone  
  34  3:06  Drone  
  35  3:12  Queen  
  35  3:14  Overlord  
  35  3:16  Zergling x4  
  35  3:18  Drone  
  40  3:21  Drone  
  41  3:29  Drone x2  
  43  3:37  Drone x2  
  43  3:38  Queen  
  47  3:47  Drone x5  
  50  3:53  Drone x2  
  51  3:56  Queen  
  51  4:01  Drone  
  51  4:02  Drone x2  
  56  4:06  Overlord  
  56  4:09  Spore Crawler  
  55  4:14  Queen  
  57  4:19  Overlord  
  57  4:26  Drone x4  
  57  4:27  Drone x2  
  57  4:29  Spore Crawler  
  62  4:34  Drone x3  
  65  4:40  Drone x3  
  68  4:47  Drone x6  
  74  5:01  Lair  
  72  5:07  Roach Warren  
  72  5:10  Drone x3  
  72  5:11  Evolution Chamber  
  72  5:12  Extractor  
  72  5:17  Drone x2  
  72  5:18  Overlord  
  72  5:20  Hatchery  
  73  5:23  Drone  
  74  5:29  Drone  
  74  5:35  Overlord x3  
  74  5:37  Drone x8  
  81  5:47  Zerg Melee Weapons Level 1, Drone x2  
  79  5:51  Extractor  
  79  5:53  Drone x6  
  82  5:57  Extractor, Drone x4  
  82  6:00  Glial Reconstitution  
  85  6:06  Roach x3  
  85  6:09  Spore Crawler  
  90  6:11  Extractor  
  90  6:12  Roach  
  91  6:19  Extractor  
  91  6:22  Roach x2, Overlord x6  
  94  6:30  Roach  
  94  6:31  Roach  
  98  6:33  Roach x3  
  103  6:46  Roach x6  
  112  6:53  Roach x4  
  125  7:01  Zergling x6, Roach x4  
  128  7:08  Zergling x2, Roach x4  
  128  7:09  Zergling x8  
  136  7:18  Zergling x8  
  136  7:21  Queen x2  
  140  7:27  Baneling Nest  
  140  7:28  Zergling x4  
  140  7:29  Zergling x4  
  137  7:35  Queen x2  
  137  7:39  Zergling x2  
  137  7:40  Zergling x10  
  136  7:49  Zergling x8  
  132  7:54  Zerg Melee Weapons Level 2  
  132  7:58  Drone x3  
  133  8:02  Drone x2  
  133  8:05  Overseer  
  134  8:08  Infestation Pit  
  133  8:15  Centrifugal Hooks  
  133  8:16  Drone x6  
  133  8:18  Drone, Spore Crawler  
  139  8:20  Baneling x12  
  139  8:25  Drone x2, Overlord  
  141  8:28  Pneumatized Carapace, Overlord  
  139  8:36  Zergling x16  
  141  8:51  Roach x6  
  148  9:02  Baneling  
  148  9:03  Zergling x18, Baneling x4  
  152  9:19  Zergling x14  
  152  9:20  Zergling x2  
  157  9:34  Drone x2  
  157  9:36  Extractor, Overlord x4  
  158  9:39  Spire  
  158  9:41  Hatchery  
  158  9:45  Zergling x8  
  156  9:46  Baneling x8  
  156  9:47  Baneling x7, Ravager  
  156  9:48  Ravager x2  
Show
View Real Time Build Order
Export as new Build Order

herO Protoss - Winner!

Build Orders: 1 Gate Expand, Oracle Opening 

Get SALT Encoding   

  12  0:00  Probe  
  13  0:13  Pylon  
  13  0:17  Probe (Chrono Boost)  
  14  0:26  Probe (Chrono Boost)  
  15  0:31  Probe (Chrono Boost)  
  16  0:38  Gateway  
  16  0:43  Probe  
  16  0:47  Assimilator  
  17  0:55  Probe  
  18  1:07  Probe  
  19  1:20  Probe  
  20  1:27  Nexus  
  20  1:36  Cybernetics Core  
  20  1:38  Probe  
  21  1:43  Assimilator  
  21  1:50  Probe  
  22  1:54  Pylon  
  22  2:02  Probe  
  23  2:10  Adept (Chrono Boost)  
  23  2:14  Probe  
  26  2:16  Stargate  
  26  2:25  Warp Gate  
  26  2:26  Probe  
  27  2:32  Adept  
  29  2:40  Probe (Chrono Boost)  
  29  2:43  Probe (Chrono Boost)  
  31  2:49  Probe (Chrono Boost)  
  33  2:52  Probe (Chrono Boost)  
  33  2:56  Probe  
  33  2:57  Oracle (Chrono Boost)  
  34  3:02  Adept  
  34  3:04  Probe  
  40  3:08  Probe  
  40  3:10  Pylon  
  41  3:16  Probe  
  42  3:20  Probe  
  42  3:25  Gateway  
  43  3:27  Oracle (Chrono Boost)  
  43  3:31  Probe  
  43  3:32  Probe  
  48  3:43  Probe  
  48  3:44  Probe  
  46  3:53  Nexus  
  46  3:57  Nexus  
  46  3:59  Pylon  
  46  4:00  Oracle (Chrono Boost)  
  46  4:06  Probe x2  
  51  4:11  Assimilator  
  51  4:13  Assimilator  
  51  4:17  Adept  
  51  4:20  Probe x2  
  55  4:24  Twilight Council  
  55  4:30  Forge  
  55  4:33  Probe x2  
  57  4:42  Gateway  
  57  4:43  Gateway  
  58  4:45  Probe x2  
  58  4:48  Protoss Ground Weapons Level 1 (Chrono Boost)  
  58  4:52  Blink (Chrono Boost)  
  59  4:57  Probe  
  59  4:58  Probe  
  59  4:59  Pylon  
  61  5:09  Probe, Stalker x2  
  61  5:10  Probe  
  61  5:11  Probe  
  68  5:19  Gateway  
  68  5:22  Gateway  
  68  5:26  Probe x2  
  68  5:27  Probe  
  71  5:32  Stalker  
  71  5:33  Stalker  
  75  5:41  Probe x2  
  75  5:42  Pylon  
  77  5:43  Probe  
  77  5:45  Stalker  
  80  5:55  Probe  
  81  5:58  Shield Battery  
  81  5:59  Stalker x2  
  81  6:00  Probe  
  81  6:01  Probe  
  81  6:03  Stalker  
  89  6:07  Pylon  
  89  6:12  Robotics Facility, Probe x2  
  89  6:15  Pylon  
  91  6:20  Gateway  
  91  6:26  Assimilator, Stalker x3  
  91  6:27  Assimilator  
  91  6:30  Probe  
  91  6:31  Probe x2  
  100  6:36  Charge  
  100  6:37  Pylon x2  
  100  6:40  Protoss Ground Weapons Level 2 (Chrono Boost)  
  100  6:50  Probe  
  100  6:51  Stalker  
  100  6:52  Stalker x3  
  109  6:57  Pylon  
  110  7:01  Observer (Chrono Boost)  
  110  7:05  Robotics Bay  
  110  7:10  Robotics Facility  
  110  7:17  Warp Prism (Chrono Boost)  
  110  7:19  Zealot x6  
  124  7:26  Probe  
  125  7:34  Pylon  
  117  7:53  Colossus (Chrono Boost)  
  117  7:54  Colossus (Chrono Boost)  
  117  7:56  Nexus  
  117  7:57  Photon Cannon, Stalker  
  117  7:59  Shield Battery  
  129  8:16  Probe x3  
  129  8:19  Gateway  
  132  8:20  Stalker x3  
  132  8:21  Pylon  
  132  8:22  Pylon  
  132  8:23  Pylon  
  138  8:38  Colossus (Chrono Boost)  
  150  8:42  Probe x3  
  150  8:44  Assimilator, Colossus (Chrono Boost)  
  150  8:47  Assimilator  
  153  8:51  Pylon  
  153  8:53  Stalker x5  
  155  9:10  Templar Archives  
  155  9:11  Gateway  
  155  9:13  Stalker x2  
  155  9:23  Stalker x4  
  157  9:31  Stalker x2  
  161  9:39  Pylon  
  161  9:48  Stalker x6  
  167  10:11  Stalker x8  
Tags
 
Add a new tag
Caveats
  • Supply blocks, unpowered buildings, or Contaminate may cause inaccurate times.
  • Supply counts are checked every 10 seconds.